 Dungeon Crawl Stone Soup version 0.21.1-1-g345015f (webtiles) character file.

1188 erloom the Skirmisher (level 8, -1/67 HPs)
             Began as a Demonspawn Fighter on Mar 4, 2018.
             Killed from afar by a wretched star (16 damage)
             ... with an orb of energy
             ... on level 1 of the Abyss on Mar 5, 2018.
             The game lasted 00:15:41 (5552 turns).

erloom the Skirmisher (Demonspawn Fighter)          Turns: 5552, Time: 00:15:42

Health: -1/67      AC: 13    Str: 17    XL:     8   Next: 19%
Magic:  0/8        EV:  6    Int: 12    God:
Gold:   286        SH:  8    Dex: 12    Spells: 7/7 levels left

rFire    . . .     SeeInvis +   a - +1 war axe
rCold    . . .     Gourm    .   c - +0 shield
rNeg     . . .     Faith    .   b - +0 scale mail
rPois    .         Spirit   +   t - +0 helmet
rElec    .         Reflect  .   z - +0 cloak
rCorr    .         Harm     .   D - +0 pair of gloves
MR       .....                  i - +0 pair of boots
Stlth    ..........             h - amulet of guardian spirit
HPRegen  0.21/turn              y - ring of see invisible
MPRegen  0.11/turn              (no ring)

@: no status effects
A: claws 2, slimy green scales 1, powered by death 1
a: no special abilities


You were on level 1 of the Abyss.
You were hungry.

You visited 1 branch of the dungeon, and saw 6 of its levels.
You visited the Abyss 1 time.

You collected 286 gold pieces.

Inventory:

Hand Weapons
 a - a +1 war axe (weapon)
Missiles
 B - 7 tomahawks (quivered)
Armour
 b - a +0 scale mail (worn)
 c - a +0 shield (worn)
 i - a +0 pair of boots (worn)
 t - a +0 helmet (worn)
 z - a +0 cloak (worn)
 D - a +0 pair of gloves (worn)
Jewellery
 h - an amulet of guardian spirit (around neck)
 y - a ring of see invisible (left hand)
Wands
 n - a wand of flame (32)
 C - a wand of iceblast (5)
Scrolls
 g - 2 scrolls of enchant armour
 j - 2 scrolls of identify
 l - 3 scrolls of fear {unknown}
 o - 5 scrolls of teleportation
 p - a scroll of magic mapping
 q - 2 scrolls of remove curse {unknown}
 s - a scroll of fog {unknown}
 u - a scroll of amnesia {unknown}
 w - a scroll of blinking {unknown}
 F - a scroll of immolation {unknown}
 H - a scroll of vulnerability {unknown}
Potions
 d - a potion of might
 e - 2 potions of heal wounds {unknown}
 m - a potion of haste {unknown}
 r - a potion of degeneration {unknown}
 v - 2 potions of mutation {unknown}
 x - a potion of invisibility {unknown}
 A - a potion of flight {unknown}
Comestibles
 f - 9 rations


   Skills:
 + Level 7.5 Fighting
 + Level 6.5 Axes
 - Level 2.6 Armour
 - Level 2.6 Shields


You had 7 spell levels left.
You didn't know any spells.

Dungeon Overview and Level Annotations

Branches:
Dungeon (6/15)
 Temple: D:4-7

Altars:
Ashenzari
Cheibriados
Hepliaklqana
Qazlal
Ru
Trog
Vehumet
Xom
Yredelemnul

Annotations:
D:6 Crazy Yiuf


Innate Abilities, Weirdness & Mutations

You have very sharp fingernails.
You are partially covered in slimy green scales. (AC +2)
You regenerate a little health from kills.


Message History

The small abomination hits you.
A tentacle flies out from the starspawn's body!
The starspawn tentacle grabs you. The starspawn tentacle constricts you.
A starspawn tentacle comes into view.
Okay, then.
As you read the scroll labeled COAMPU ODONA, it crumbles to dust.
It is a scroll of enchant weapon.
Your +0 war axe glows red for a moment.
You block the small abomination's attack.
The starspawn tentacle loses its grip on you.
The tentacle pulls you backwards!
You block the starspawn tentacle's attack.
You are suddenly pulled into a different region of the Abyss!
The wretched star glows turbulently.
The orb of energy hits you!
* * * LOW HITPOINT WARNING * * *
You feel better.
The wretched star glows turbulently.
The orb of energy hits you!
You die...

# ..# # #. ..#
..# . ...#
#...#. ...
....# ...
##..#######.#
#.....*#.#..#
.....#####..@#
#.# #..#...#
#####..# ..#
.# .. .# ..


You could see a wretched star.

Vanquished Creatures
  Sigmund (D:6)
  The ghost of letownia2 the Conjurer, an amateur TeFE (D:3)
  An ogre (D:5)
  2 centaurs
  2 bullfrogs (D:6)
  A water moccasin skeleton (D:4)
  2 crimson imps
  A howler monkey (D:5)
  A bullfrog skeleton (D:5)
  A hound (D:5)
  An iguana (D:4)
  2 orc wizards (D:6)
  3 worker ants (D:5)
  2 hound skeletons
  A mummy (D:6)
  Robin (D:2)
  6 adders
  A howler monkey skeleton (D:4)
  2 oozes (D:3)
  2 adder skeletons
  A worm (D:4)
  2 dart slugs
  2 leopard geckos
  5 orcs
  2 giant cockroaches (D:2)
  13 goblins
  9 hobgoblins
  3 jackals (D:1)
  3 quokkas
  12 bats
  5 frilled lizards
  2 hobgoblin zombies (D:6)
  6 kobolds
  2 orc zombies (D:6)
  6 rats
107 creatures vanquished.

Vanquished Creatures (others)
  A scorpion (D:4)
  2 worker ants (D:4)
  An orc (D:4)
  3 starspawn tentacles (Abyss:1)
7 creatures vanquished.

Grand Total: 114 creatures vanquished

Notes
Turn   | Place    | Note
-------+----------+-------------------------------------------
     0 | D:1      | erloom the Demonspawn Fighter began the quest for the Orb.
     0 | D:1      | Reached XP level 1. HP: 18/18 MP: 1/1
   271 | D:1      | Gained mutation: You have sharp fingernails. [demonic ancestry]
   271 | D:1      | Reached XP level 2. HP: 20/24 MP: 2/2
   788 | D:2      | Gained mutation: You have very sharp fingernails. [demonic ancestry]
   788 | D:2      | Reached XP level 3. HP: 15/29 MP: 3/3
  1155 | D:2      | Reached skill level 4 in Fighting
  1172 | D:2      | Noticed Robin
  1191 | D:2      | Gained mutation: You regenerate a little health from kills. [demonic ancestry]
  1191 | D:2      | Reached XP level 4. HP: 26/37 MP: 2/4
  1620 | D:2      | Killed Robin
  1808 | D:3      | Found a sacrificial altar of Ru.
  2172 | D:3      | Noticed letownia2's ghost (amateur TeFE)
  2178 | D:3      | Killed letownia2's ghost
  2178 | D:3      | Reached skill level 5 in Fighting
  2178 | D:3      | Gained mutation: You are partially covered in slimy green scales. (AC +2) [demonic ancestry]
  2178 | D:3      | Reached XP level 5. HP: 43/44 MP: 5/5
  2764 | D:4      | Found a snail-covered altar of Cheibriados.
  2776 | D:4      | Found a bloodstained altar of Trog.
  2925 | D:4      | Reached XP level 6. HP: 49/51 MP: 4/6
  2966 | D:4      | Found a basalt altar of Yredelemnul.
  3168 | D:4      | Found a shimmering altar of Xom.
  3295 | D:5      | Entered Level 5 of the Dungeon
  3416 | D:5      | Found a stormy altar of Qazlal.
  3568 | D:5      | Reached skill level 5 in Axes
  3767 | D:5      | Reached skill level 6 in Fighting
  3767 | D:5      | Reached XP level 7. HP: 54/58 MP: 7/7
  3813 | D:5      | Found a hazy altar of Hepliaklqana.
  3967 | D:5      | Found a radiant altar of Vehumet.
  4331 | D:6      | Found a shattered altar of Ashenzari.
  4391 | D:6      | Found a runed door.
  4496 | D:6      | Reached skill level 7 in Fighting
  4793 | D:6      | Noticed Sigmund
  4822 | D:6      | Killed Sigmund
  4822 | D:6      | Reached XP level 8. HP: 47/67 MP: 6/8
  5377 | D:6      | Noticed Crazy Yiuf
  5380 | D:6      | Cast into level 1 of the Abyss (Crazy Yiuf)
  5380 | Abyss:1  | Found a corrupted altar of Lugonu.
  5442 | Abyss:1  | Noticed a raiju
  5526 | Abyss:1  | Noticed a tentacled starspawn
  5528 | Abyss:1  | Noticed a large abomination
  5529 | Abyss:1  | Noticed a small abomination
  5547 | Abyss:1  | Noticed a wretched star
  5552 | Abyss:1  | Killed from afar by a wretched star

Skill      XL: |  1  2  3  4  5  6  7 |
---------------+----------------------+-----
Axes           | 2 3 4 5 6 |  6.5
Fighting       | 4 5 6 7 |  7.5
Armour         | |  2.6
Shields        | |  2.6

Action                   |  1- 3 |  4- 6 |  7- 9 || total
-------------------------+-------+-------+-------++-------
Melee: War axe           |   137 |   196 |   128 ||   461
Evoke: Wand              |       |     4 |       ||     4
  Use: Scroll            |       |     3 |     2 ||     5
       Potion            |       |       |     1 ||     1
  Eat: Chunk             |     1 |     8 |     6 ||    15
Armor: Scale mail        |    99 |    95 |    59 ||   253
Dodge: Dodged            |    42 |    51 |    47 ||   140
Block: Shield            |    86 |   106 |    58 ||   250
